 Dungeon Crawl Stone Soup version 0.27-a0-1202-ge72e49191c (webtiles) character file.

Game seed: 3951524988081569033

52 Glokmah the Vexing (level 3, -1/20 HPs)
             Began as a Deep Elf Arcane Marksman on June 4, 2021.
             Was a Believer of Nemelex Xobeh.
             Slain by an adder (3 damage)
             ... on level 3 of the Dungeon.
             The game lasted 00:05:50 (2597 turns).

Glokmah the Vexing (Deep Elf Arcane Marksman)       Turns: 2597, Time: 00:05:51

Health: -1/20      AC:  2    Str:  7    XL:     3   Next: 60%
Magic:  8/8        EV: 12    Int: 17    God:    Nemelex Xobeh [**....]
Gold:   114        SH:  0    Dex: 16    Spells: 0/6 levels left

rFire    . . .     SeeInvis .   a - +0 shortbow (freeze)
rCold    . . .     Faith    .   (shield currently unavailable)
rNeg     . . .     Spirit   .   e - +0 robe
rPois    .         Reflect  .   (no helmet)
rElec    .         Harm     .   (no cloak)
rCorr    .         Rampage  .   (no gloves)
Will     .....                  (no boots)
Stlth    +.........             (no amulet)
HPRegen  0.06/turn              (no ring)
MPRegen  0.11/turn              (no ring)

@: lethally poisoned (-1 -> -7)
A: no striking features
a: Renounce Religion, Draw Escape, Draw Destruction, Draw Summoning


You were on level 3 of the Dungeon.
You worshipped Nemelex Xobeh.
Nemelex Xobeh was pleased with you.
You visited 1 branch of the dungeon, and saw 3 of its levels.

You collected 114 gold pieces.

Inventory:

Hand Weapons
 a - a +0 shortbow of freezing (weapon)
 b - a +1 dagger of draining
Missiles
 d - 33 arrows (quivered ammo)
 j - 2 poisoned darts
Armour
 e - a +0 robe (worn)
Jewellery
 i - a ring of magical power
Scrolls
 f - a scroll of brand weapon
 h - 2 scrolls of summoning
Potions
 c - 2 potions of degeneration
 g - a potion of flight


   Skills:
 + Level 1.1 Fighting
 * Level 4.1 Bows
 - Level 2.4 Dodging
 + Level 2.0 Spellcasting
 + Level 4.6 Hexes
 + Level 0.0 Fire Magic
 * Level 0.9 Invocations


You couldn't memorise any spells.
You knew the following spells:

 Your Spells              Type           Power      Damage    Failure   Level
a - Corona                Hex            18%        N/A       3%          1
b - Slow                  Hex            17%        N/A       4%          2
c - Inner Flame           Hex/Fire       9%         N/A       22%         3

Your spell library contained the following spells:

 Spells                   Type           Power      Damage    Failure   Level
 Magic Dart               Conj           4%         1d3       19%         1
 Dazzling Flash           Conj/Hex       18%        N/A       22%         3
 Portal Projectile        Hex/Tloc       18%        N/A       22%         3
 Searing Ray              Conj           2%         3d3       28%         2
 Cause Fear               Hex            8%         N/A       28%         4
 Fulminant Prism          Conj/Hex       4%         3d6       58%         4
 Leda's Liquefaction      Hex/Erth       4%         N/A       58%         4
 Iskenderun's Mystic Bla  Conj/Tloc      1%         2d3       88%         4


Dungeon Overview and Level Annotations

Branches:
Dungeon (3/15)

Altars:
Nemelex Xobeh


Message History

Aim: an adder (44% to hit)
You shoot an arrow. The arrow hits the adder.
The arrow freezes the adder.
The adder is moderately wounded.
The rat twitches its whiskers.
Fire: 37 arrows
Press: ? - help, Q - select action, (/) - cycle Shift-Dir - straight line, f/p - adder
Aim: an adder (moderately wounded, 44% to hit)
You shoot an arrow. The arrow misses the adder.
The arrow hits the rat but does no damage.
The adder bites you.
You are poisoned.
The adder poisons you!
Fire: 36 arrows
Press: ? - help, Q - select action, (/) - cycle Shift-Dir - straight line, f/p - adder
Aim: an adder (moderately wounded, 44% to hit)
You shoot an arrow. The arrow closely misses the adder.
The arrow hits the rat.
The arrow freezes the rat.
You kill the rat!
You feel sick. The adder bites you.
You are lethally poisoned!
The adder poisons you! The adder misses you.
Fire: 35 arrows
Press: ? - help, Q - select action, (/) - cycle Shift-Dir - straight line, f/p - adder
Aim: an adder (lightly wounded, 44% to hit)
You shoot an arrow. The arrow closely misses the adder.
You feel very sick. The adder bites you.
* * * LOW HITPOINT WARNING * * *
Okay, then.
Okay, then.
Fire: 34 arrows
Press: ? - help, Q - select action, (/) - cycle Shift-Dir - straight line, f/p - adder
Aim: an adder (lightly wounded, 44% to hit)
You shoot an arrow. The arrow hits the adder.
The adder seems to slow down.
The arrow freezes the adder.
The adder is severely wounded.
* * * LOW HITPOINT WARNING * * *
You feel sick. The adder bites you.
You die...
Your body disappears without a glow.

.........# ### ####.....#
#.. .. #.....# #.# .#
#.....# #.# S# ####.##
#.###.# ##.# #.....#
##..##### #..##.##
.####.(.....####..#(..##(#
.'.......<......@S((...(.+
.####...###.#####.#...####
#...# #.# #.....# #.#.#
#.# #####.# #)#.# #.# .#
#.#.# #.# .# #<#.###.# #
###.......# ...###.#####


You could see an adder (slow).

Vanquished Creatures
  A worm (D:2)
  3 bats (D:1)
  4 endoplasms
  2 giant cockroaches (D:2)
  2 goblins (D:2)
  7 hobgoblins
  5 jackals
  A quokka (D:2)
  8 ball pythons
  2 frilled lizards (D:1)
  4 kobolds
  6 rats
45 creatures vanquished.

Notes
Turn   | Place    | Note
-------+----------+-------------------------------------------
     0 | D:1      | Glokmah the Deep Elf Arcane Marksman began the quest for
                  | the Orb.
     0 | D:1      | Reached XP level 1. HP: 11/11 MP: 5/5
   299 | D:1      | Reached XP level 2. HP: 16/16 MP: 4/6
   302 | D:1      | Learned a level 2 spell: Slow
   696 | D:1      | Found a faded altar of an unknown god.
   728 | D:1      | Became a worshipper of Nemelex Xobeh the Trickster
   728 | D:1      | Reached * piety under Nemelex Xobeh
   728 | D:1      | Received a gift from Nemelex Xobeh
  1337 | D:2      | Reached skill level 1 in Fighting
  1703 | D:2      | Reached XP level 3. HP: 17/20 MP: 7/7
  2321 | D:2      | Reached ** piety under Nemelex Xobeh
  2437 | D:3      | Learned a level 3 spell: Inner Flame
  2597 | D:3      | Slain by an adder

Illustrated notes

Levels and vault maps discovered:
D:1:      ebering_trefoil_twist, layout_basic,
          ebering_ecumenical_altar_abandoned, serial_corexii_hall,
          chequers_hall_statues_y, chequers_hall_statues_corner_a,
          minmay_pentomino_q4
D:2:      layout_rooms
D:3:      layout_loops_corners, riverfiend_overflow_shadow_ancestor,
          nemelex_spade_bored_becter

Skill      XL: |  1  2  3 |
---------------+----------+-----
Bows           | 3 4 |  4.1
Fighting       | 1 |  1.1
Spellcasting   | 2 |  2.0
Dodging        | |  2.4
Hexes          | |  4.6
Invocations    | |  0.9

Action                   || total
-------------------------++-------
Melee: Short sword       ||    35
 Fire: Shortbow          ||   124
 Cast: Corona            ||     9
  Use: Scroll            ||     4
Armor: Robe              ||    18
Dodge: Dodged            ||    81

Table legend: (Time is in decaauts)
 A = Elapsed time spent in this place.
 B = Non-inter-level travel time spent in this place.
 C = Inter-level travel time spent in this place.
 D = Time resting spent in this place.
 E = Time spent auto-exploring this place.
 F = Levels seen in this place.
 G = Mean time per level.
                   A        B        C        D        E       F      G
               +--------+--------+--------+--------+--------+-----+--------+
         Total |   2610 |   2504 |    106 |    496 |   1378 |   3 |  870.0 |
       Dungeon |   2610 |   2504 |    106 |    496 |   1378 |   3 |  870.0 |
               +--------+--------+--------+--------+--------+-----+--------+

Top non-repeatable levels by time:
     D:1: 1350 daAuts
     D:2: 1035 daAuts
     D:3: 224 daAuts
